 Dungeon Crawl Stone Soup version 0.30-a0-600-gb7c8574cbb (webtiles) character file.

Game seed: 2409535567999853032

123 BlackLaughter the Trooper (level 5, -2/33 HPs)
             Began as a Gargoyle Fighter on Jan 7, 2023.
             Slain by a gnoll
             ... wielding a +0 flail
              (6 damage)
             ... on level 3 of the Dungeon.
             The game lasted 00:05:39 (1360 turns).

BlackLaughter the Trooper (Gargoyle Fighter)        Turns: 1360, Time: 00:05:40

Health: -2/33      AC: 11    Str: 19    XL:     5   Next: 7%
Magic:  5/5        EV:  9    Int:  9    God:
Gold:   125        SH:  4    Dex: 11    Spells: 4/4 levels left

rFire   . . .      SeeInvis .    a - +0 flail
rCold   . . .      Faith    +    c - +0 buckler
rNeg    + . .      Spirit   .    b - +0 scale mail
rPois   ∞          Reflect  .    (no helmet)
rElec   +          Harm     .    (no cloak)
rCorr   .          Rampage  .    (no gloves)
Will    .....                    (no boots) Stlth
                                 i - amulet of faith
HPRegen 0.25/turn                (no ring)
MPRegen 0.09/turn                (no ring)

@: no status effects
A: sickness immunity, AC +4, negative energy resistance 1, electricity
resistance, torment resistance 1, petrification resistance
a: no special abilities


You were on level 3 of the Dungeon.
You visited 1 branch of the dungeon, and saw 3 of its levels.

You collected 125 gold pieces.

Inventory:

Hand Weapons
 a - a +0 flail (weapon)
Armour
 b - a +0 scale mail (worn)
 c - a +0 buckler (worn)
Jewellery
 i - an amulet of faith (around neck)
Scrolls
 f - 3 scrolls of noise
 l - 3 scrolls of teleportation
Potions
 d - a potion of might
 g - 2 potions of heal wounds {unknown}
 h - a potion of degeneration {unknown}
 j - a potion of brilliance {unknown}
 k - 3 potions of lignification {unknown}


   Skills:
 + Level 4.2 Fighting
 + Level 3.1 Maces & Flails
 + Level 3.8 Armour
 + Level 0.8 Dodging
 + Level 4.0 Shields


You had 4 spell levels left.
You didn't know any spells.
Your spell library contained the following spells:

 Spells                   Type           Power      Damage    Failure   Level
 Beastly Appendage        Tmut           0%         N/A       83%         1
 Wereblood                Tmut           0%         N/A       93%         2
 Spider Form              Tmut/Pois      0%         N/A       99%         3


Dungeon Overview and Level Annotations

Branches:
Dungeon (3/15)

Altars:


Innate Abilities, Weirdness & Mutations

You are immune to sickness and miasma.
Your stone body is resilient. (AC +4)
You are immune to poison.
You resist negative energy. (rN+)
You are resistant to electric shocks. (rElec)
You are resistant to unholy torment.
You are immune to petrification.


Message History

You completely miss the dart slug.
The dart slug is almost dead.
The gnoll hits you from afar with a +0 spear.
The goblin barely misses you.
The dart slug bites you but does no damage.
The gnoll hits you but does no damage. The goblin hits you but does no damage.
You barely miss the dart slug.
The dart slug is almost dead.
The dart slug bites you but does no damage.
The gnoll hits you but does no damage. The goblin completely misses you.
You hit the dart slug but do no damage.
The dart slug is almost dead.
The gnoll hits you but does no damage. The goblin hits you but does no damage.
You block the dart slug's attack.
You sock the dart slug!
You kill the dart slug!
You block the gnoll's attack. The goblin hits you but does no damage.
You closely miss the goblin. The gnoll hits you but does no damage.
You block the goblin's attack. You block the gnoll's attack.
The goblin hits you but does no damage.
You barely miss the goblin. The gnoll closely misses you.
The goblin hits you but does no damage.
You sock the goblin!
You kill the goblin!
The gnoll completely misses you.
You closely miss the gnoll. The gnoll barely misses you.
The gnoll hits you from afar with a +0 spear!
* * * LOW HITPOINT WARNING * * *
The gnoll barely misses you.
The gnoll hits you from afar with a +0 spear.
* * * LOW HITPOINT WARNING * * *
You sock the gnoll!
The gnoll is severely wounded.
The gnoll hits you but does no damage.
The gnoll hits you from afar with a +0 spear.
* * * LOW HITPOINT WARNING * * *
You barely miss the gnoll.
The gnoll is severely wounded.
The gnoll hits you with a +0 flail.
You die...

#+# #.# ... #.# .
.... ... .. ..... #.#
... ...###.#
..#########+# ...#.#
..g#......####.#.#
#g#...!..#.#...<#
#.@$.....#....#.#
#....#...#....#.#
#≈~.≈~##.#..#####.#
#.~≈#≈~≈≈†##.>....#..
.~≈≈~~~#~≈~
####.#####
#~≈≈~...~≈≈≈ .#
≈#≈≈.~..≈≈≈≈~ #
≈≈~≈~[~≈≈≈≈~~ #~$~#≈≈


You could see 2 gnolls.

Vanquished Creatures
  A gnoll (D:3)
  5 adders (D:2)
  2 worms (D:2)
  4 dart slugs
  7 ball pythons
  2 endoplasms (D:1)
  5 giant cockroaches
  3 hobgoblins
  3 quokkas
  6 bats
  5 frilled lizards
  A goblin (D:3)
  7 kobolds
  4 rats
55 creatures vanquished.

Notes
Turn   | Place    | Note
-------+----------+-------------------------------------------
     0 | D:1      | BlackLaughter the Gargoyle Fighter began the quest for the
                  | Orb.
     0 | D:1      | Reached XP level 1. HP: 14/14 MP: 1/1
   126 | D:1      | Reached XP level 2. HP: 19/19 MP: 2/2
   359 | D:1      | Reached XP level 3. HP: 22/24 MP: 3/3
   570 | D:2      | Reached XP level 4. HP: 27/29 MP: 4/4
  1349 | D:3      | Reached XP level 5. HP: 19/33 MP: 5/5
  1360 | D:3      | Slain by a gnoll

Illustrated notes

Levels and vault maps discovered:
D:1:      saegor_arrival_simple_e, layout_rooms
D:2:      layout_loops_ring, minmay_octomino_j4
D:3:      kennysheep_slugbush, layout_basic, nicolae_ru_sacrificial_ziggurat,
          uniq_ijyb

Skill      XL: |  1  2  3  4 |
---------------+-------------+-----
Fighting       | 4 |  4.2
Shields        | 4 |  4.0
Maces & Flails | 3 |  3.1
Armour         | |  3.8
Dodging        | |  0.8

Action                   |  1- 3 |  4- 6 || total
-------------------------+-------+-------++-------
Melee: Flail             |   107 |   130 ||   237
  Use: Scroll            |     2 |     1 ||     3
Armor: Scale mail        |    82 |    90 ||   172
Dodge: Dodged            |    59 |    71 ||   130
Block: Buckler           |    36 |    33 ||    69

Table legend: (Time is in decaauts)
 A = Elapsed time spent in this place.
 B = Non-inter-level travel time spent in this place.
 C = Inter-level travel time spent in this place.
 D = Time resting spent in this place.
 E = Time spent auto-exploring this place.
 F = Levels seen in this place.
 G = Mean time per level.
                   A        B        C        D        E       F      G
               +--------+--------+--------+--------+--------+-----+--------+
         Total |   1434 |   1384 |     50 |      4 |    887 |   3 |  478.0 |
       Dungeon |   1434 |   1384 |     50 |      4 |    887 |   3 |  478.0 |
               +--------+--------+--------+--------+--------+-----+--------+

Top non-repeatable levels by time:
     D:2: 880 daAuts
     D:1: 484 daAuts
     D:3: 69 daAuts
